 Dungeon Crawl Stone Soup version 0.29.1-2-gbd0b4ee654 (webtiles) character file.

Game seed: 2262099948301475455

757 LustLizard the Insei (level 7, 0/47 HPs)
             Began as an Octopode Transmuter on Nov 29, 2022.
             Slain by a centaur (6 damage)
             ... on level 5 of the Dungeon.
             The game lasted 00:10:20 (4632 turns).

LustLizard the Insei (Octopode Transmuter)          Turns: 4632, Time: 00:10:21

Health: 0/47       AC:  1    Str:  9    XL:     7   Next: 79%
Magic:  11/12      EV: 13    Int: 24    God:
Gold:   251        SH:  0    Dex: 12    Spells: 6/13 levels left

rFire   . . .      SeeInvis .     - Unarmed
rCold   + . .      Faith    .   (no shield)
rNeg    . . .      Spirit   .   (helmet currently unavailable)
rPois   .          Reflect  .   k - amulet of regeneration
rElec   .          Harm     .   l - ring of protection from cold
rCorr   .          Rampage  .   t - +6 ring of intelligence
Will    .....                   (no ring)
Stlth   ++........              (no ring)
HPRegen 0.95/turn               (no ring)
MPRegen 0.13/turn               (no ring)
                                (no ring)
                                (no ring)

@: appendages, wereblooded
A: tentacle spike 3, almost no armour, amphibious, 8 rings, camouflage 1,
gelatinous body 1, (nimble swimmer 1), tentacles
a: End Transformation


You were on level 5 of the Dungeon.
One of your tentacles had grown a beastly spike.
You visited 1 branch of the dungeon, and saw 5 of its levels.
You also visited: Sewer.

You collected 251 gold pieces.

Inventory:

Jewellery
 k - an amulet of regeneration (around mantle)
 l - a ring of protection from cold (left tentacle)
 t - a +6 ring of intelligence (right tentacle)
Wands
 n - a wand of roots (8)
Scrolls
 b - a scroll of magic mapping {unknown}
 c - 2 scrolls of noise {unknown}
 d - a scroll of acquirement
 f - a scroll of fear {unknown}
 g - a scroll of poison {unknown}
 h - 2 scrolls of amnesia
 m - a scroll of torment {unknown}
 u - a scroll of fog
 v - a scroll of silence
 x - a scroll of teleportation {unknown}
Potions
 a - 2 potions of lignification
 e - 4 potions of attraction
 i - a potion of haste
 j - 4 potions of flight
 o - a potion of heal wounds
 p - a potion of degeneration
 q - 3 potions of curing
 r - 2 potions of magic
 s - a potion of cancellation
 w - a potion of might {unknown}


   Skills:
 + Level 3.6 Fighting
 - Level 2.0 Dodging
 + Level 4.7 Unarmed Combat
 + Level 3.8 Spellcasting
 + Level 4.1 Transmutations
 * Level 3.6 Ice Magic


You had 6 spell levels left.
You knew the following spells:

 Your Spells              Type           Power      Damage    Failure   Level
a - Beastly Appendage     Tmut           48%        N/A       1%          1
b - Wereblood             Tmut           24%        N/A       2%          2
c - Ice Form              Ice/Tmut       23%        N/A       21%         4

Your spell library contained the following spells:

 Spells                   Type           Power      Damage    Failure   Level
 Ozocubu's Armour         Ice            22%        N/A       7%          3
 Spider Form              Tmut/Pois      14%        N/A       13%         3
 Ignite Poison            Fire/Tmut/Pois 11%        N/A       17%         3
 Inner Flame              Hex/Fire       4%         N/A       30%         3
 Mephitic Cloud           Conj/Pois/Air  4%         N/A       30%         3
 Cause Fear               Hex            2%         N/A       69%         4
 Freezing Cloud           Conj/Ice/Air   5%         6-21      86%         5
 Ozocubu's Refrigeration  Ice            11%        4d9       100%        7
 Discord                  Hex            2%         N/A       100%        8


Dungeon Overview and Level Annotations

Branches:
Dungeon (5/15)              Sewer (visited)
 Temple: D:4-7

Altars:
Sif Muna

Shops:
D:4 [


Innate Abilities, Weirdness & Mutations

One of your tentacles has grown a beastly spike.
You cannot wear most types of armour.
You are amphibious.
You can wear up to eight rings at the same time.
Your skin changes colour to match your surroundings (Stealth+).
Your rubbery body absorbs attacks. (AC +1, EV +1)
((You are camouflaged when in or above water. (Stealth+)))
You have tentacles for arms and can constrict up to eight enemies at once.


Message History

You closely miss the ice beast.
Your tentacle spike misses the ice beast.
You squeeze the ice beast!
The ice beast is heavily wounded.
The ice beast hits you. The ice beast freezes you. You resist.
You closely miss the ice beast. You squeeze the ice beast.
The ice beast is severely wounded.
The ice beast hits you. The ice beast freezes you. You resist.
You closely miss the ice beast.
The ice beast is severely wounded.
The ice beast hits you. The ice beast freezes you. You resist.
You tentacle-slap the ice beast but do no damage.
The ice beast is severely wounded.
You tentacle-slap the ice beast but do no damage.
You pierce the ice beast.
You squeeze the ice beast.
The ice beast is almost dead.
The centaur wields a +0 shortbow.
The centaur shoots an arrow.
The arrow misses you. The ice beast hits you. The ice beast freezes you.
You resist.
You closely miss the ice beast.
The ice beast is almost dead.
The centaur shoots an arrow.
The arrow misses you. The ice beast barely misses you.
The centaur shoots an arrow.
The arrow barely misses you.
You tentacle-slap the ice beast but do no damage.
The ice beast is almost dead.
The centaur shoots an arrow.
The arrow hits you!
* * * LOW HITPOINT WARNING * * *
The ice beast misses you.
You tentacle-slap the ice beast.
You pierce the ice beast, but do no damage.
You squeeze the ice beast.
You feel a bit better.
You kill the ice beast!
The centaur shoots an arrow.
The arrow hits you!
* * * LOW HITPOINT WARNING * * *
The centaur shoots an arrow.
The arrow closely misses you.
You howl as the wereblood boils in your veins!
A hound comes into view.
The centaur unwields a +0 shortbow.
The centaur hits you.
You die...

#......###....##.....#....#
###.......#........###..†...#
#................##.........#
##................#.........##
##..>...............#........##
##..................##.##.##...#
#..####..###.......###.#####..##
#.......## #......## #.. ...#
##.......###...c@## #... ..###
##.....###......5####...$..
#####..##.........##......
#.....#......#...........
#........####.......##h...
#...##...#.## #.###.##
.....##...#..####...#h.. ....
#...###..).....# .# ...
....#..#........#


You could see a centaur, a hound and a shadow imp.

Vanquished Creatures
  Sigmund (D:2)
  An ice beast (D:5)
  2 kobold brigands (Sewer)
  A scorpion (D:5)
  A hound (D:5)
  Terence (D:3)
  Natasha (thrice) (D:2)
  5 adders
  A river rat (Sewer)
  A white imp (D:5)
  An ufetubus (D:4)
  6 worms
  5 dart slugs
  4 orcs
  10 endoplasms
  2 giant cockroaches
  4 goblins
  10 hobgoblins
  3 jackals (D:4)
  2 quokkas
  7 ball pythons
  2 bats
  3 frilled lizards
  12 kobolds
  10 rats
98 creatures vanquished.

Vanquished Creatures (others)
  A plant (D:4)
1 creature vanquished.

Grand Total: 99 creatures vanquished

Notes
Turn   | Place    | Note
-------+----------+-------------------------------------------
     0 | D:1      | LustLizard the Octopode Transmuter began the quest for the
                  | Orb.
     0 | D:1      | Reached XP level 1. HP: 13/13 MP: 3/3
   334 | D:1      | Reached XP level 2. HP: 11/18 MP: 3/5
   337 | D:1      | Learned a level 2 spell: Wereblood
   700 | D:1      | Reached XP level 3. HP: 19/23 MP: 4/6
  1237 | D:2      | Identified a scroll of acquirement
  1548 | D:2      | Reached XP level 4. HP: 20/29 MP: 7/7
  1988 | D:2      | Noticed Natasha
  2001 | D:2      | Killed Natasha
  2018 | D:2      | Noticed Natasha
  2037 | D:2      | Killed Natasha
  2038 | D:2      | Reached XP level 5. HP: 35/35 MP: 5/9
  2082 | D:2      | Learned a level 4 spell: Ice Form
  2222 | D:2      | Noticed Sigmund
  2233 | D:2      | Killed Sigmund
  2234 | D:2      | Reached skill level 1 in Ice Magic
  2234 | D:2      | Reached XP level 6. HP: 23/41 MP: 10/10
  2357 | D:2      | Found a faded altar of an unknown god.
  2418 | D:2      | Noticed Natasha
  2425 | D:2      | Killed Natasha
  2683 | D:3      | Found a glowing drain.
  2714 | Sewer    | Entered a sewer
  2801 | Sewer    | Reached XP level 7. HP: 40/46 MP: 7/12
  2855 | Sewer    | Found a white marble altar of Elyvilon.
  2924 | D:3      | Noticed Terence
  2942 | D:3      | Killed Terence
  3312 | D:4      | Found a shimmering blue altar of Sif Muna.
  3484 | D:4      | Found Fiabrat's Antique Armour Shop.
  4353 | D:5      | Entered Level 5 of the Dungeon
  4632 | D:5      | Slain by a centaur

Illustrated notes

Levels and vault maps discovered:
D:1:      elethiomel_arrival_infinity_welcomes_careful_drivers, layout_rooms,
          minmay_misc_feat_iff
D:2:      layout_basic, shapermc_ecumenical_altar_mp_vishouse,
          minmay_statues_item, minmay_door_square, nicolae_eternal_life,
          uniq_sigmund, uniq_natasha
D:3:      layout_rooms, cheibrodos_sewer_entry_bend, nicolae_figureground_pulse,
          uniq_terence
D:4:      layout_basic, nicolae_sif_muna_little_library, serial_shops,
          nicolae_shop_window_shopping, serial_bayou_crossing
D:5:      minmay_evil_eye, layout_cave_pools

Skill      XL: |  1  2  3  4  5  6  7 |
---------------+----------------------+-----
Fighting       | 2 3 |  3.6
Transmutations | 3 4 |  4.1
Unarmed Combat | 4 |  4.7
Spellcasting   | 3 |  3.8
Ice Magic      | 1 2 3 |  3.6
Dodging        | |  2.0

Action                   |  1- 3 |  4- 6 |  7- 9 || total
-------------------------+-------+-------+-------++-------
Melee: Unarmed           |    60 |    79 |    92 ||   231
       Tentacles         |    19 |    24 |    27 ||    70
       Constrict         |    20 |    21 |    26 ||    67
       Kick              |    17 |    29 |    22 ||    68
       Punch             |     4 |     2 |       ||     6
 Cast: Beastly Appendage |    19 |    15 |     9 ||    43
       Wereblood         |     3 |     5 |     5 ||    13
  Use: Scroll            |     1 |     4 |     5 ||    10
 Stab: Sleeping          |     6 |     6 |     4 ||    16
Armor: Skin              |     1 |     7 |     7 ||    15
Dodge: Dodged            |    19 |    37 |    51 ||   107
